 Dungeon Crawl Stone Soup version 0.18-a0-481-g9a22f0c (webtiles) character file.

1644 Ordine the Basher (level 8, -5/46 HPs)
             Began as a Gargoyle Fighter on Dec 2, 2015.
             Was an Initiate of Gozag.
             Killed by divine providence
             ... invoked by an orc priest
              (13 damage)
             ... on level 7 of the Dungeon.
             The game lasted 00:21:26 (6143 turns).

Ordine the Basher (Gargoyle Fighter)                Turns: 6143, Time: 00:21:26

Health: -5/46      AC: 19    Str: 22    XL:     8   Next: 99%
Magic:  8/8        EV: 15    Int: 13    God:    Gozag
Gold:   836        SH: 10    Dex: 15    Spells: 0 memorised, 7 levels left

rFire  + . .     SeeInvis .     a - +1 flail
rCold  + . .     Clarity  +     l - +0 plate armour
rNeg   + . .     SustAt   .     c - +0 shield
rPois  ∞         Gourm    .     (no helmet)
rElec  +         Spirit   .     n - +1 cloak
rCorr  +         Dismiss  .     E - +0 pair of gloves
rMut   .         Stasis   .     (no boots)
MR     +....                    u - amulet of clarity
Stlth  ..........               A - +6 ring of evasion
                                j - ring of protection from magic

@: brilliant, agile, resistant, very slightly contaminated, invisible, somewhat
resistant to hostile enchantments, extremely unstealthy
A: negative energy resistance 1, electricity resistance, unbreathing,
petrification resistance, rot immunity, AC +5
a: Potion Petition, Call Merchant, Bribe Branch, Renounce Religion


You were on level 7 of the Dungeon.
You worshipped Gozag.
Gozag was noncommittal.
You were not hungry.

You visited 2 branches of the dungeon, and saw 8 of its levels.
You also visited: Ossuary.

You collected 999 gold pieces.
You paid 163 gold pieces to Gozag.

Inventory:

Hand Weapons
 a - a +1 flail (weapon)
Armour
 c - a +0 shield (worn)
 l - a +0 plate armour (worn)
 n - a +1 cloak (worn)
 E - a +0 pair of gloves (worn)
Jewellery
 e - an uncursed ring of sustain attributes
 j - a ring of protection from magic (left hand)
 u - an amulet of clarity (around neck)
 A - a +6 ring of evasion (right hand)
Wands
 i - a wand of fireball (15)
 B - a wand of digging (7)
Scrolls
 g - 2 scrolls of remove curse
 r - 4 scrolls of teleportation
 w - a scroll of fog
 y - a scroll of amnesia
 z - a scroll of recharging
Potions
 d - 3 potions of might
 f - 4 potions of curing
 h - a potion of magic
 k - a potion of invisibility
 o - a potion of lignification {unknown}
 p - a potion of cure mutation
 q - 2 potions of resistance {unknown}
 s - 5 potions of brilliance
 t - a potion of ambrosia {unknown}
 v - 4 potions of berserk rage {unknown}
 x - a potion of degeneration {unknown}
Comestibles
 b - 2 meat rations
 m - 2 slices of pizza
 D - a beef jerky


   Skills:
 - Level 3.2 Fighting
 + Level 11.1 Maces & Flails
 - Level 3.2 Armour
 - Level 3.2 Shields


You had 7 spell levels left.
You didn't know any spells.

Dungeon Overview and Level Annotations

Branches:
Dungeon (7/15)             Temple (1/1) D:5

Altars:
Ashenzari
Fedhas
Gozag
Kikubaaqudgha
Makhleb
Nemelex Xobeh
Okawaru
Sif Muna
Trog
Xom
Yredelemnul
Zin
The Shining One


Innate Abilities, Weirdness & Mutations

You are resistant to torment.
Your stone body is resilient (AC +5).
You are immune to poison.
You resist negative energy.
You are resistant to electric shocks.
You can survive without breathing.
You are immune to petrification.
You are immune to rotting.


Message History

The centaur misses you.
You strike the helpless centaur from behind!
You thump the centaur!
You kill the centaur!
Your Maces & Flails skill increases to level 11!
The orc is no longer distracted by gold.
Things that are here:
13 gold pieces; an uncursed shortbow; an arrow of dispersal You are too injured to fight recklessly!
You closely miss the orc priest.
The orc shouts!
You block the orc priest's attack.
The orc priest miscasts a cantrip.
You hit the orc priest but do no damage.
You sock the orc priest!
The orc priest is severely wounded.
The orc priest invokes the aid of Beogh against you.
Something smites you!
You die...
Your body crumbles into a pile of gold.

###.######### #..........
#..###>.### #....#..... ###
#####....#<.... ?.
#...$....#..... #.
#...........###
#.###........##.### #.
.#o@.o..............
.##.######.#.###)...#>...####.
............................[.
.....#........#.#.#.#..#.#####
..........###.#.#.#........#
#.........# #.#.......##.#.#
#.........# #.#.###...##.#.#
#.....###.#.......##.#.#
#...............#.##.#.#


You could see an orc priest and an orc.

Vanquished Creatures
  Duvessa (D:7)
  A black bear (D:6)
  A sky beast (D:6)
  3 centaurs
  Dowan (D:7)
  A gnoll sergeant (D:7)
  2 giant frogs (D:7)
  A crimson imp (D:7)
  A hound (D:5)
  2 orc priests
  2 jellies
  A centaur zombie (D:6)
  A giant frog skeleton (D:6)
  2 orc wizards (D:3)
  An iguana (D:6)
  7 worker ants
  A hound skeleton (D:6)
  8 mummies (Ossuary)
  4 gnolls (D:7)
  5 adders
  2 shadow imps
  An ooze (D:2)
  An adder zombie (D:6)
  An adder skeleton (D:7)
  2 worms
  7 giant geckos
  13 orcs
  6 giant cockroaches
  8 hobgoblins
  5 jackals
  7 kobolds
  A quokka (D:4)
  8 bats
  2 giant gecko skeletons (D:6)
  A giant gecko zombie (D:7)
  3 giant newts
  6 goblins
  4 hobgoblin zombies (Ossuary)
  A jackal zombie (D:5)
  3 kobold zombies (Ossuary)
  An orc zombie (Ossuary)
  A quokka skeleton (D:4)
  8 rats
138 creatures vanquished.

Vanquished Creatures (others)
  An orc warrior (D:7)
1 creature vanquished.

Grand Total: 139 creatures vanquished

Notes
Turn   | Place    | Note
--------------------------------------------------------------
     0 | D:1      | Ordine the Gargoyle Fighter began the quest for the Orb.
     0 | D:1      | Reached XP level 1. HP: 14/14 MP: 1/1
   122 | D:1      | Reached XP level 2. HP: 14/19 MP: 2/2
   730 | D:1      | Reached XP level 3. HP: 23/23 MP: 3/3
   955 | D:2      | Reached skill level 4 in Maces & Flails
  1147 | D:2      | Reached XP level 4. HP: 28/28 MP: 4/4
  1498 | D:3      | Reached skill level 5 in Maces & Flails
  1498 | D:3      | Reached XP level 5. HP: 20/32 MP: 5/5
  2398 | D:4      | Found a sand-covered staircase.
  2408 | Ossuary  | Entered an ossuary
  2580 | Ossuary  | Reached skill level 6 in Maces & Flails
  2590 | Ossuary  | Reached XP level 6. HP: 15/37 MP: 6/6
  3176 | D:4      | Found a bloodstained altar of Trog.
  3178 | D:4      | Found a basalt altar of Yredelemnul.
  3181 | D:4      | Found an opulent altar of Gozag.
  3181 | D:4      | Found a deep blue altar of Sif Muna.
  3209 | D:4      | Became a worshipper of Gozag Ym Sagoz the Greedy
  3584 | D:5      | Entered Level 5 of the Dungeon
  3803 | D:5      | Reached skill level 7 in Maces & Flails
  3849 | D:5      | Found a sparkling altar of Nemelex Xobeh.
  3890 | D:5      | Found a staircase to the Ecumenical Temple.
  3897 | Temple   | Entered the Ecumenical Temple
  4122 | D:5      | Reached XP level 7. HP: 41/41 MP: 7/7
  4599 | D:6      | Reached skill level 8 in Maces & Flails
  4951 | D:6      | Found a glowing silver altar of Zin.
  5022 | D:6      | Reached skill level 9 in Maces & Flails
  5022 | D:6      | Reached XP level 8. HP: 39/46 MP: 8/8
  5337 | D:7      | Noticed Duvessa
  5338 | D:7      | Noticed Dowan
  5361 | D:7      | Killed Duvessa
  5366 | D:7      | Killed Dowan
  5614 | D:7      | Reached skill level 10 in Maces & Flails
  6139 | D:7      | Reached skill level 11 in Maces & Flails
  6143 | D:7      | Killed from afar by an orc priest

Vault maps used:
D:1:      saegor_arrival_simple_f, minmay_misc_feat_rows
D:4:      grunt_temple_overflow_open, first_bread, enter_ossuary_2
D:5:      minmay_temple_entry_enclosed_plants, basic_altar, abandoned_shop
D:6:      zin_statuary
D:7:      lemuel_upstairs_altar, uniq_duvessa
Temple:   nicolae_temple_great_sept
Ossuary:  ossuary_tomb_3

Action                   |  1- 3 |  4- 6 |  7- 9 || total
-------------------------+-------+-------+-------++-------
Melee: Flail             |   164 |   244 |   253 ||   661
Invok: Potion Petition   |       |       |     1 ||     1
  Use: Scroll            |     2 |    12 |     2 ||    16
       Potion            |       |     2 |     4 ||     6
 Stab: Invisible         |       |       |     1 ||     1
  Eat: Chunk             |     1 |     5 |       ||     6
       Bread ration      |       |     1 |     1 ||     2
       Beef jerky        |       |     1 |       ||     1
       Royal jelly       |       |       |     1 ||     1
